 Dungeon Crawl Stone Soup version 0.18-a0-1774-gce1f7b6 (webtiles) character file.

3073 M4edhros the Martial Artist (level 9, -7/63 HPs)
             Began as a Mummy Monk on Apr 15, 2016.
             Mangled by an ogre
             ... wielding a +0 giant club
              (25 damage)
             ... on level 9 of the Dungeon.
             The game lasted 00:23:01 (14389 turns).

M4edhros the Martial Artist (Mummy Monk)           Turns: 14389, Time: 00:23:01

Health: -7/63      AC:  4    Str: 14    XL:     9   Next: 58%
Magic:  9/9        EV: 15    Int:  9    God:
Gold:   434        SH:  0    Dex: 18    Spells: 0 memorised, 8 levels left

rFire  x . .     SeeInvis .       - Unarmed
rCold  + . .     Gourm    .     (no armour)
rNeg   + + +     Faith    .     (no shield)
rPois  ∞         Spirit   .     b - +1 helmet
rElec  .         Dismiss  .     (no cloak)
rCorr  .         Reflect  .     i - +0 pair of gloves
SustAt .         Harm     .     e - +0 pair of boots
MR     +....                    (no amulet)
Stlth  +.........               (no ring)
                                (no ring)

@: somewhat resistant to hostile enchantments, very unstealthy
A: no food or potions, fire vulnerability, cold resistance 1, negative energy
resistance 3, torment resistance, unbreathing
a: no special abilities


You were on level 9 of the Dungeon.
You were not hungry.

You visited 2 branches of the dungeon, and saw 10 of its levels.
You also visited: Ossuary.

You collected 434 gold pieces.

Inventory:

Armour
 b - a +1 helmet (worn)
 e - a +0 pair of boots (worn)
 i - a +0 pair of gloves (worn)
Jewellery
 f - an uncursed ring of ice
 t - an uncursed amulet of harm {unknown}
Wands
 l - a wand of polymorph (8/24)
 r - a wand of lightning (8/15)
Scrolls
 c - 3 scrolls of noise
 d - 3 scrolls of remove curse
 h - a scroll of brand weapon {unknown}
 j - a scroll of magic mapping
 k - a scroll of fear
 m - 2 scrolls of immolation
 o - 3 scrolls of recharging
 p - a scroll of random uselessness {unknown}
 q - a scroll of teleportation
 s - 2 scrolls of identify
Books
 a - a book of Enchantments

   Spells                             Type                      Level
   a - Cause Fear                     Hexes                        4
   b - Yara's Violent Unravelling     Hexes/Transmutation          5
   c - Silence                        Hexes/Air                    5
   d - Deflect Missiles               Charms/Air                   6
   e - Haste                          Charms                       6
   f - Discord                        Hexes                        8
Comestibles
 g - 7 fruits (quivered)
 n - 3 bread rations


   Skills:
 - Level 3.0 Fighting
 + Level 4.6 Dodging
 - Level 1.5 Stealth
 - Level 11.0 Unarmed Combat


You had 8 spell levels left.
You didn't know any spells.

Dungeon Overview and Level Annotations

Branches:
Dungeon (9/15)             Temple (1/1) D:6            Lair (0/8) D:9
    Orc: D:9-12

Altars:
Elyvilon
Gozag
Kikubaaqudgha
Nemelex Xobeh
Okawaru
Pakellas
Qazlal
Trog
Vehumet
Xom

Shops:
D:6 }

Annotations:
D:3 exclusion: sky beast
D:8 Grum; stickyfingers's ghost, novice NaSk


Innate Abilities, Weirdness & Mutations

You do not eat or drink.
Your flesh is vulnerable to fire.
You are immune to poison.
Your flesh is cold resistant.
You are immune to negative energy.
You are immune to unholy pain and torment.
You can survive without breathing.


Message History

You hit the giant frog but do no damage.
The giant frog barely misses you. x2
You punch the giant frog!
The giant frog is heavily wounded.
The giant frog hits you.
You barely miss the giant frog.
The giant frog is heavily wounded.
The giant frog misses you. The giant frog completely misses you.
The giant frog misses you. The giant frog hits you.
You barely miss the giant frog.
The giant frog is heavily wounded.
The giant frog barely misses you.
You enter the shallow water.
Moving in this stuff is going to be slow.
The giant frog hits you!
* * * LOW HITPOINT WARNING * * *
The giant frog misses you. The ogre hits you with a giant club!!
You die...

.......o.. ♣.)♣♣.......#
......... ♣♣)≈♣♣♣.....#
.......o♣♣♣♣♣≈.≈♣♣♣♣♣...#
.......)P≈♣♣.≈≈.♣♣.♣P...#
.......o..o≈..≈≈≈≈≈≈....#
........♣♣PP≈≈≈≈♣♣P♣≈...# .
........♣♣♣♣♣≈≈♣♣♣♣♣♣...##..
..........♣.♣♣≈.♣ #.........
....#####...♣♣@P♣♣##.........
..>. #..♣♣OF♣♣.##...###...
... #...♣..P♣......# ... .
#####...##.........# ..#
.........##.........# .(#
...............##...# ...#
...............##...###...#
...............##..........
.......#####...##..........


You could see an ogre and a giant frog.

Vanquished Creatures
  Pikel (D:6)
  Grinder (D:5)
  A wyvern (D:9)
  2 giant frogs
  An ice beast (D:6)
  2 sky beasts
  2 ogres
  A slave (D:6)
  A wolf (D:7)
  3 elf zombies (Ossuary)
  3 big kobolds
  2 scorpions
  3 wights (D:6)
  2 howler monkeys
  A crimson imp (D:7)
  A centaur zombie (Ossuary)
  A giant frog zombie (D:6)
  A giant frog skeleton (D:8)
  3 orc priests
  3 hounds
  An orc wizard (D:5)
  2 human zombies (Ossuary)
  2 worker ants
  2 iguanas
  A centaur skeleton (D:6)
  A hound zombie (D:5)
  3 mummies (Ossuary)
  6 adders
  8 gnolls
  An ooze (D:1)
  3 adder zombies
  2 adder skeletons
  4 worms
  A dart slug (D:1)
  6 giant geckos
  16 orcs
  A ball python (D:1)
  8 giant cockroaches
  11 goblins
  2 hobgoblins (D:2)
  12 jackals
  23 kobolds
  10 bats
  5 giant newts
  2 gnoll zombies (Ossuary)
  7 hobgoblin zombies (Ossuary)
  3 jackal zombies
  5 kobold zombies (Ossuary)
  2 orc zombies (Ossuary)
  6 quokka zombies
  10 rats
  5 rat zombies (Ossuary)
206 creatures vanquished.

Vanquished Creatures (others)
  A slave (D:6)
  A human (D:7)
  A wight (D:6)
  2 crimson imps (D:6)
  A giant frog zombie (D:6)
  An adder (D:6)
7 creatures vanquished.

Grand Total: 213 creatures vanquished

Notes
Turn   | Place    | Note
--------------------------------------------------------------
     0 | D:1      | M4edhros the Mummy Monk began the quest for the Orb.
     0 | D:1      | Reached XP level 1. HP: 18/18 MP: 1/1
   462 | D:1      | Reached XP level 2. HP: 24/24 MP: 2/2
   706 | D:1      | Reached skill level 4 in Unarmed Combat
   787 | D:1      | Reached XP level 3. HP: 26/29 MP: 3/3
  1361 | D:3      | Noticed a sky beast
  1781 | D:3      | Reached XP level 4. HP: 35/35 MP: 4/4
  2856 | D:2      | Reached skill level 5 in Unarmed Combat
  3139 | D:2      | Reached XP level 5. HP: 32/41 MP: 5/5
  3366 | D:2      | Found a stormy altar of Qazlal.
  3675 | D:2      | Found an iron altar of Okawaru.
  4198 | D:4      | Noticed an ogre
  4349 | D:4      | Found a sand-covered staircase.
  4364 | Ossuary  | Entered an ossuary
  4592 | Ossuary  | Reached skill level 6 in Unarmed Combat
  4765 | Ossuary  | Reached XP level 6. HP: 30/47 MP: 6/6
  6226 | Ossuary  | Reached skill level 7 in Unarmed Combat
  6226 | Ossuary  | Reached XP level 7. HP: 24/52 MP: 7/7
  7370 | D:4      | Found an opulent altar of Gozag.
  7725 | D:4      | Found a sparkling altar of Nemelex Xobeh.
  8232 | D:5      | Entered Level 5 of the Dungeon
  8267 | D:5      | Noticed Grinder
  8302 | D:6      | Found a staircase to the Ecumenical Temple.
  8311 | Temple   | Entered the Ecumenical Temple
  8745 | D:5      | Reached skill level 8 in Unarmed Combat
  9156 | D:5      | Killed Grinder
  9156 | D:5      | Reached XP level 8. HP: 47/58 MP: 8/8
  9283 | D:6      | Reached skill level 9 in Unarmed Combat
  9750 | D:6      | Noticed Pikel
  9769 | D:6      | Killed Pikel
  9769 | D:6      | Reached skill level 10 in Unarmed Combat
 10548 | D:6      | Found Vixtorr's Quality Used Wands.
 10570 | D:6      | Reached XP level 9. HP: 34/63 MP: 9/9
 11745 | D:7      | Found an ancient bone altar of Kikubaaqudgha.
 12285 | D:8      | Found a radiant altar of Vehumet.
 12285 | D:8      | Found a bloodstained altar of Trog.
 12310 | D:8      | Reached skill level 11 in Unarmed Combat
 12482 | D:8      | Noticed Grum
 12581 | D:8      | Noticed stickyfingers's ghost (novice NaSk)
 14291 | D:9      | Found a staircase to the Lair.
 14389 | D:9      | Mangled by an ogre

Vault maps used:
D:1:      dpeg_arrival_subterranean_lakeside_camping, serial_corexii_hall,
          corexii_hall_statues_l, corexii_hall_statues_i, corexii_hall_statues_i
D:2:      nicolae_qazlal_general_emergency, okawaru_altar_gauntlet_db
D:4:      nicolae_gozag_seed_capital, nicolae_ossuary_entry_false_entrances,
          first_bread, nemelex_lonely_heart_becter
D:5:      uniq_grinder
D:6:      lemuel_ice_spiral_2, temple_statues, interstate_on_off,
          nicolae_for_you_no_charge, uniq_pikel
D:7:      tgw_kikubaaqudgha
D:8:      gammafunk_temple_overflow_wave, hangedman_tree_tricks, uniq_grum
D:9:      lair_0_dummy, serial_bayou_crossing
Temple:   lightli_temple_of_artemis
Ossuary:  minmay_ossuary_two_tombs

Skill      XL: |  1  2  3  4  5  6  7  8  9 |
---------------+----------------------------+-----
Unarmed Combat | 4 5 6 7 8 10 11 | 11.0
Dodging        | 4 |  4.6
Fighting       | |  3.0
Stealth        | |  1.5

Action                   |  1- 3 |  4- 6 |  7- 9 || total
-------------------------+-------+-------+-------++-------
Melee: Unarmed           |   158 |   444 |   460 ||  1062
       Punch             |     4 |    12 |    25 ||    41
  Use: Scroll            |       |     4 |     5 ||     9
 Stab: Sleeping          |     1 |     2 |     4 ||     7
       Distracted        |       |       |     1 ||     1
Armor: Skin              |    43 |    79 |    64 ||   186
Dodge: Dodged            |   122 |   203 |   237 ||   562
